 Dungeon Crawl Stone Soup version 0.16.1-14-g82efdee (webtiles) character file.

119 KarvaRausku the Chopper (level 5, -2/41 HPs)
             Began as a Human Wanderer on Apr 14, 2015.
             Was an Initiate of Okawaru.
             Slain by KarvaRausku's ghost (6 damage)
             ... on level 3 of the Dungeon.
             The game lasted 00:04:06 (2217 turns).

KarvaRausku the Chopper (Human Wanderer)            Turns: 2217, Time: 00:04:06

Health: -2/41      AC: 10    Str: 14    XL:     5   Next: 24%
Magic:  5/5        EV:  9    Int: 12    God:    Okawaru [......]
Gold:   94         SH:  0    Dex: 12    Spells: 0 memorised, 4 levels left

rFire  + . .     SeeInvis .     b - +0 hand axe
rCold  + . .     Clarity  .     c - +2 scale mail
rNeg   . . .     SustAb   .     (no shield)
rPois  +         Gourm    .     o - +1 hat
rElec  +         Spirit   .     (no cloak)
rCorr  +         Warding  .     (no gloves)
rMut   .         Stasis   .     (no boots)
MR     .....                    (no amulet)
Stlth  ..........               (no ring)
                                (no ring)

@: resistant, very slightly contaminated, not resistant to hostile enchantments,
extremely unstealthy
A: no striking features
a: Renounce Religion


You were on level 3 of the Dungeon.
You worshipped Okawaru.
Okawaru was noncommittal.
You were hungry.

You visited 1 branch of the dungeon, and saw 3 of its levels.

You collected 94 gold pieces.

Inventory:

Hand weapons
 a - a +0 shortbow
 b - a +0 hand axe (weapon)
 w - a +1 whip of flaming
 D - a +0 great mace
Missiles
 d - 25 arrows
 u - 16 arrows of frost
Armour
 c - a +2 scale mail (worn)
 g - a +0 helmet
 o - a +1 hat (worn)
Jewellery
 y - an uncursed ring of teleport control {unknown}
Scrolls
 h - a scroll of recharging {unknown}
 i - 3 scrolls of identify {unknown}
 m - a scroll of teleportation {unknown}
 p - 3 scrolls of enchant armour {unknown}
 q - 2 scrolls of amnesia {unknown}
 r - a scroll of enchant weapon {unknown}
 s - a scroll of noise {unknown}
 t - 2 scrolls of remove curse {unknown}
 x - a scroll of immolation {unknown}
 C - a scroll of random uselessness {unknown}
 F - a scroll of fog {unknown}
Potions
 e - a potion of curing
 k - a potion of invisibility
 n - a potion of resistance
 v - a potion of magic
 z - a potion of agility {unknown}
 A - a potion of degeneration {unknown}
 B - a potion of mutation {unknown}
Comestibles
 f - 3 bread rations
 j - 2 royal jellies
 l - 2 meat rations
 E - a slice of pizza


   Skills:
 - Level 3.0 Fighting
 + Level 4.2 Axes
 - Level 1.0 Bows
 - Level 4.0 Armour
 - Level 1.0 Dodging
   Level 1.0 Shields
   Level 1.0 Evocations


You had 4 spell levels left.
You didn't know any spells.

Dungeon Overview and Level Annotations

Branches:
Dungeon (3/15)

Altars:
Kikubaaqudgha
Okawaru

Annotations:
D:3 KarvaRausku's ghost, weakling HuWn


Message History

You are too injured to fight recklessly!
You hit KarvaRausku's ghost but do no damage.
KarvaRausku's ghost is lightly damaged.
KarvaRausku's ghost closely misses you.
You barely miss KarvaRausku's ghost.
KarvaRausku's ghost is lightly damaged.
KarvaRausku's ghost hits you!
* * * LOW HITPOINT WARNING * * *
Your scale mail prevents you from hitting KarvaRausku's ghost.
KarvaRausku's ghost is lightly damaged.
You flicker for a moment.
KarvaRausku's ghost ripples.
KarvaRausku's ghost closely misses you.
You hit KarvaRausku's ghost.
KarvaRausku's ghost is moderately damaged.
KarvaRausku's ghost barely misses you.
There is an escape hatch in the ceiling here.
You flicker back into view.
KarvaRausku's ghost hits you.
You die...

..#####...#..###...
....#....##.##...#
.........##.##?..#
#...........##...####
#.###....##.........# #
#.###.####..........# .#
#.##.###.##.........#..#
.....#.._##.##...##...#
..##.'...8#.##..@...###
#..#.#.._##..#..W.########.
#....###.##......####......
.....#
###.................#
.(...###
##.#..###†........#
.......# #...##............
.......# #..# #.#.#.#.#...
.....### #.. #...........
....## . ...#.#.#.#...


You could see KarvaRausku's ghost.

Vanquished Creatures
  A jelly (D:3)
  4 adders
  A worm (D:2)
  2 giant geckos (D:1)
  4 goblins
  5 hobgoblins
  2 jackals (D:3)
  10 kobolds
  A quokka (D:2)
  3 bats
  5 giant cockroaches
  5 giant newts
  5 rats
48 creatures vanquished.

Notes
Turn   | Place    | Note
--------------------------------------------------------------
     0 | D:1      | KarvaRausku, the Human Wanderer, began the quest for the Orb.
     0 | D:1      | KarvaRausku set off with: a +2 scale mail, a potion of curing, a +0 shortbow, 27 arrows, a bread ration
     0 | D:1      | Reached XP level 1. HP: 18/18 MP: 1/1
    50 | D:1      | Reached skill level 1 in Dodging
   195 | D:1      | Reached skill level 1 in Axes
   195 | D:1      | Reached XP level 2. HP: 20/24 MP: 2/2
   730 | D:1      | Reached XP level 3. HP: 29/29 MP: 3/3
  1288 | D:2      | Reached XP level 4. HP: 30/35 MP: 4/4
  2074 | D:3      | Reached XP level 5. HP: 31/41 MP: 5/5
  2125 | D:3      | Found an ancient bone altar of Kikubaaqudgha.
  2126 | D:3      | Found an iron altar of Okawaru.
  2132 | D:3      | Became a worshipper of Warmaster Okawaru
  2176 | D:3      | Noticed KarvaRausku's ghost (weakling HuWn)
  2217 | D:3      | Slain by KarvaRausku's ghost

Action                   |  1- 3 |  4- 6 || total
-------------------------+-------+-------++-------
Melee: Hand axe          |   137 |   114 ||   251
       Unarmed           |     1 |       ||     1
 Fire: Shortbow          |     9 |       ||     9
  Use: Potion            |       |     3 ||     3
 Stab: Invisible         |       |     2 ||     2
  Eat: Chunk             |     1 |     3 ||     4
